 Dungeon Crawl Stone Soup version 0.18-a0-46-g45ca8e4 (webtiles) character file.

3 4thArraOfDagon the Caller (level 1, -1/15 HPs)
             Began as a Demonspawn Wanderer on Nov 6, 2015.
             Slain by a quokka (3 damage)
             ... on level 2 of the Dungeon.
             The game lasted 00:00:35 (127 turns).

4thArraOfDagon the Caller (Demonspawn Wanderer)      Turns: 127, Time: 00:00:35

Health: -1/15      AC:  2    Str: 13    XL:     1   Next: 41%
Magic:  2/2        EV: 11    Int: 14    God:
Gold:   29         SH:  0    Dex: 10    Spells: 0 memorised, 2 levels left

rFire  . . .     SeeInvis .     e - +0 club
rCold  . . .     Clarity  +     d - +0 robe
rNeg   . . .     SustAt   .     (no shield)
rPois  +         Gourm    .     (no helmet)
rElec  .         Spirit   .     (no cloak)
rCorr  .         Warding  .     (no gloves)
rMut   .         Stasis   .     (no boots)
MR     .....                    (no amulet)
Stlth  +.........               (no ring)
                                (no ring)

@: not resistant to hostile enchantments, very unstealthy
A: clarity, poison resistance, wild magic 1
a: no special abilities


You were on level 2 of the Dungeon.
You were not hungry.

You visited 1 branch of the dungeon, and saw 2 of its levels.

You collected 29 gold pieces.

Inventory:

Hand Weapons
 e - a +0 club (weapon)
Armour
 d - a +0 robe (worn)
Scrolls
 h - a scroll of teleportation {unknown}
Potions
 g - a potion of mutation
Books
 a - a book of Minor Magic

   Spells                             Type                      Level
   a - Magic Dart                     Conjuration                  1
   b - Blink                          Translocation                2
   c - Call Imp                       Summoning                    2
   d - Repel Missiles                 Charms/Air                   2
   e - Slow                           Hexes                        2
   f - Conjure Flame                  Conjuration/Fire             3
   g - Mephitic Cloud                 Conjuration/Poison/Air       3
 b - Sif Muna's Incunabulum of Attacks

   Spells                             Type                      Level
   a - Magic Dart                     Conjuration                  1
   b - Searing Ray                    Conjuration                  2
 c - the Volume of Clay

   Spells                             Type                      Level
   a - Sandblast                      Earth                        1
   b - Stone Arrow                    Conjuration/Earth            3
Comestibles
 f - a bread ration


   Skills:
 - Level 1.0 Fighting
   Level 1.0 Crossbows
 - Level 1.0 Throwing
 - Level 1.0 Armour
   Level 1.0 Shields
 * Level 0.8 Unarmed Combat
 - Level 1.0 Spellcasting
   Level 2.0 Summonings
   Level 1.7 Earth Magic


You had 2 spell levels left.
You didn't know any spells.

Dungeon Overview and Level Annotations

Branches:
Dungeon (2/15)

Altars:


Innate Abilities, Weirdness & Mutations

You possess an exceptional clarity of mind.
Your system is resistant to poisons.
Your spells are a little harder to cast, but a little more powerful.


Message History

You hit the giant newt.
You kill the giant newt!
A quokka comes into view.
You see here a giant newt corpse.
Unknown command.
You see here a scroll labeled CENOSY EKLEWA.
h - a scroll labeled CENOSY EKLEWA A bat comes into view.
The quokka bites you.
* * * LOW HITPOINT WARNING * * *
Unknown command.
You closely miss the quokka. The quokka bites you.
* * * LOW HITPOINT WARNING * * *
Unknown command.
Drink which item? (? for menu, Esc to quit)
It was a potion of mutation.
You feel extremely strange.
You feel resistant to poisons.
You feel less in control of your magic.
Your thoughts seem clearer.
The quokka bites you.
You die...

....... ###
....... #..
....b..###.#
.......#.#.#
.......#.#.###
.........†.<.#
.......###.###
........r@.#
############


You could see a quokka.

Vanquished Creatures
  2 hobgoblins (D:1)
  A giant newt (D:2)
3 creatures vanquished.

Notes
Turn   | Place    | Note
--------------------------------------------------------------
     0 | D:1      | 4thArraOfDagon the Demonspawn Wanderer began the quest for the Orb.
     0 | D:1      | 4thArraOfDagon set off with: a book of Minor Magic, Sif Muna's Incunabulum of Attacks, the Volume of Clay, a +0 robe, a +0 club, a bread ration
     0 | D:1      | Reached XP level 1. HP: 15/15 MP: 2/2
     0 | D:1      | Identified Sif Muna's Incunabulum of Attacks
     0 | D:1      | Identified the Volume of Clay
   127 | D:2      | Gained mutation: Your system is resistant to poisons. [potion of mutation]
   127 | D:2      | Gained mutation: Your spells are a little harder to cast, but a little more powerful. [potion of mutation]
   127 | D:2      | Gained mutation: You possess an exceptional clarity of mind. [potion of mutation]
   127 | D:2      | Slain by a quokka

Vault maps used:
D:1:      nagdon_arrival_double_spiral, serial_glass, glass_columns_c,
          glass_columns_b, glass_columns_b, glass_columns_a, glass_columns_b,
          glass_columns_a
D:2:      uniq_jessica

Action                   || total
-------------------------++-------
Melee: Club              ||     9
  Use: Potion            ||     1
